Description

test

Replay - zerg standard build

Build Order

Get SALT Encoding   

  12  0:01  Drone  
  13  0:12  Overlord  
  13  0:16  Drone  
  14  0:30  Drone x3  
  17  0:54  Hatchery  
  16  0:58  Drone x2  
  18  1:09  Extractor  
  17  1:19  Spawning Pool  
  17  1:21  Drone x2  
  18  1:31  Drone  
  19  1:38  Overlord  
  20  2:05  Queen x2  
  20  2:06  Zergling x4  
  26  2:14  Metabolic Boost  
  32  2:48  Pneumatized Carapace  
  32  2:56  Hatchery  
  31  3:03  Overlord  
  44  3:36  Roach Warren  
  44  3:38  Overlord  
  44  3:49  Overlord  
  44  3:58  Lair  
  44  3:59  Extractor  
  43  4:09  Queen  
  56  4:25  Spore Crawler x2  
  57  4:35  Spore Crawler  
  57  4:37  Extractor x2  
  61  4:46  Evolution Chamber x2  
  61  5:03  Glial Reconstitution  
  61  5:10  Hydralisk Den  
  63  5:20  Extractor x2  
  68  5:35  Zerg Missile Weapons Level 1, Zerg Ground Armor Level 1  
  72  5:49  Muscular Augments  
  74  5:53  Hydralisk x2  
  78  5:59  Roach x3  
  84  6:07  Roach x4, Hatchery  
  92  6:22  Roach x3  
  104  6:31  Hydralisk  
  106  6:40  Hydralisk x6  
  106  6:46  Hydralisk  
  135  7:13  Queen  
  183  8:28  Infestation Pit  
  191  8:52  Extractor x2  
  189  9:07  Spire  
Spawning Tool Build Advisor. Get it on Overwolf

Analysis

test

Go to:

Details

  • Created by: Michauter
  • Published on: Dec 27, 2017
  • Modified on: Dec 27, 2017
  • Patch: 4.0.0
Show
View Real Time Build Order
Export as new Build Order

Comments (1)

On Jan. 9, 2018, 4:34 p.m., s1ck1337  said:

+++

Create an account to comment!